 Dungeon Crawl Stone Soup version 0.20.0-10-g0535bb4 (webtiles) character file.

44 blackwizard the Gusty (level 3, -1/32 HPs)
             Began as a Troll Air Elementalist on June 6, 2017.
             Was a Follower of Vehumet.
             Slain by a gnoll (3 damage)
             ... on level 3 of the Dungeon.
             The game lasted 00:06:44 (1007 turns).

blackwizard the Gusty (Troll Air Elementalist)      Turns: 1007, Time: 00:06:45

Health: -1/32      AC:  5    Str: 17    XL:     3   Next: 39%
Magic:  3/4        EV: 10    Int: 11    God:    Vehumet [*.....]
Gold:   11         SH:  0    Dex: 10    Spells: 4/5 levels left

rFire    . . .     SeeInvis .   k - +0 dagger
rCold    . . .     Gourm    +   (no shield)
rNeg     . . .     Faith    .   a - +0 robe
rPois    +         Spirit   .   (helmet restricted)
rElec    .         Reflect  .   (no cloak)
rCorr    .         Harm     .   (gloves unavailable)
MR       .....                  (boots unavailable)
Stlth    +.........             (no amulet)
Regen    0.5/turn               i - ring of poison resistance
MPRegen  0.1/turn               (no ring)

@: no status effects
A: unfitting armour, claws 3, fast metabolism 3, gourmand, regeneration 1,
shaggy fur 1, tough skin 2
a: Renounce Religion


You were on level 3 of the Dungeon.
You worshipped Vehumet.
Vehumet was aware of your devotion.
You were not hungry.

You visited 1 branch of the dungeon, and saw 3 of its levels.

You collected 11 gold pieces.

Inventory:

Hand Weapons
 h - a +0 hunting sling
 k - a +0 dagger (weapon)
 n - a +0 quarterstaff
 p - a cursed +0 club
 r - a +0 blowgun
 s - a +0 dagger
Missiles
 e - 46 stones (quivered)
 q - 10 poisoned needles
Armour
 a - a +0 robe (worn)
Jewellery
 i - a ring of poison resistance (left claw)
Scrolls
 d - 2 scrolls of identify {unknown}
 f - a scroll of remove curse {unknown}
Potions
 g - 2 potions of invisibility {unknown}
 j - a potion of flight {unknown}
 m - a potion of lignification {unknown}
 o - a potion of mutation {unknown}
 u - 2 potions of ambrosia {unknown}
 w - a potion of haste {unknown}
Books
 b - a book of Air

   Spells                             Type                      Level
   a - Shock                          Conjuration/Air              1
   b - Swiftness                      Charms/Air                   2
   c - Static Discharge               Conjuration/Air              3
   d - Airstrike                      Air                          4
   e - Lightning Bolt                 Conjuration/Air              5
Comestibles
 c - a bread ration
 t - 3 inedible chunks of flesh
 v - 2 meat rations


   Skills:
 + Level 0.4 Fighting
 + Level 0.4 Short Blades
 + Level 2.0 Dodging
 + Level 1.1 Stealth
 + Level 0.4 Unarmed Combat
 + Level 1.6 Spellcasting
 + Level 0.8 Conjurations
 + Level 2.1 Air Magic


You had 4 spell levels left.
You knew the following spells:

 Your Spells              Type           Power        Failure   Level  Hunger
a - Shock                 Conj/Air       #...         17%         1    ##.....


Dungeon Overview and Level Annotations

Branches:
Dungeon (3/15)

Altars:
Vehumet


Innate Abilities, Weirdness & Mutations

You are too large for most types of armour.
You have claws for hands.
Your metabolism is lightning-fast.
You like to eat raw meat.
Your natural rate of healing is unusually fast.
You are covered in fur. (AC +1)
You have very tough skin. (AC +2)


Message History

You hit the gnoll.
The gnoll is moderately wounded.
The gnoll hits you.
* * * LOW HITPOINT WARNING * * *
The gnoll hits you but does no damage.
You hit the gnoll but do no damage. The gnoll barely misses you. x2
You hit the gnoll but do no damage. The gnoll closely misses you.
The gnoll hits you but does no damage.
You hit the gnoll.
The gnoll is lightly wounded.
The gnoll closely misses you. The gnoll barely misses you.
Your magical contamination has completely faded away.
You hit the gnoll but do no damage.
The gnoll is lightly wounded.
The gnoll barely misses you. The gnoll hits you with a whip!
* * * LOW HITPOINT WARNING * * *
You barely miss the gnoll.
The gnoll is lightly wounded.
The gnoll hits you.
You die...

#########
#@g.....#
#g#####.#
###### #)#
#<# #.....
#.# #.#
##.#### #.#
#.####...###
#.#
#...........
#.#
######...###
#.# ##.##
#.# #.#


You could see 2 gnolls.

Vanquished Creatures
  A gnoll (D:3)
  A worm (D:3)
  A dart slug (D:1)
  An orc (D:3)
  A bat (D:2)
  2 giant cockroaches (D:1)
  5 goblins
  A hobgoblin (D:2)
  4 jackals (D:3)
  A frilled lizard (D:3)
  4 kobolds
  5 rats
27 creatures vanquished.

Notes
Turn   | Place    | Note
-------+----------+-------------------------------------------
     0 | D:1      | blackwizard the Troll Air Elementalist began the quest for the Orb.
     0 | D:1      | Reached XP level 1. HP: 16/16 MP: 1/1
   448 | D:1      | Reached XP level 2. HP: 23/24 MP: 3/3
   760 | D:3      | Found a faded altar of an unknown god.
   775 | D:3      | Became a worshipper of Vehumet
   775 | D:3      | Reached * piety under Vehumet
   775 | D:3      | Offered knowledge of Magic Dart by Vehumet.
   901 | D:3      | Reached XP level 3. HP: 27/31 MP: 0/4
  1007 | D:3      | Slain by a gnoll

Skill      XL: |  1  2 |
---------------+-------+-----
Dodging        | 2 |  2.0
Fighting       | |  0.4
Short Blades   | |  0.4
Stealth        | |  1.1
Unarmed Combat | |  0.4
Spellcasting   | |  1.6
Conjurations   | |  0.8
Air Magic      | |  2.1

Action                   || total
-------------------------++-------
Melee: Hunting sling     ||    71
       Dagger            ||   105
       Unarmed           ||     7
       Punch             ||     1
 Cast: Shock             ||    27
  Eat: Chunk             ||     3
       Bread ration      ||     2
Armor: Robe              ||    88
Dodge: Dodged            ||   116
